 Dungeon Crawl Stone Soup version 0.29.1-15-g9cfb28693d (webtiles) character file.

Game seed: 11633026105029373858

72 McKennaii the Digger (level 3, -2/26 HPs)
             Began as a Demigod Earth Elementalist on Mar 2, 2023.
             Slain by an orc wizard
             ... wielding a +2 dagger of venom
              (3 damage)
             ... on level 3 of the Dungeon.
             The game lasted 00:01:58 (2235 turns).

McKennaii the Digger (Demigod Earth Elementalist)   Turns: 2235, Time: 00:01:58

Health: -2/26      AC:  3    Str:  9    XL:     3   Next: 82%
Magic:  8/10       EV: 12    Int: 21    God:
Gold:   202        SH:  0    Dex: 14    Spells: 3/7 levels left

rFire   . . .      SeeInvis .   m - +2 dagger (pain)
rCold   . . .      Faith    .   (no shield)
rNeg    . . .      Spirit   .   a - +0 robe
rPois   .          Reflect  .   (no helmet)
rElec   .          Harm     .   h - +0 cloak
rCorr   .          Rampage  .   (no gloves)
Will    +....                   (no boots)
Stlth   ++........              (no amulet)
HPRegen 0.08/turn               j - ring of willpower
MPRegen 0.12/turn               (no ring)

@: lethally poisoned (-2 -> -7)
A: high MP 1, forlorn, divine attributes
a: no special abilities


You were on level 3 of the Dungeon.
You visited 1 branch of the dungeon, and saw 3 of its levels.

You collected 202 gold pieces.

Inventory:

Hand Weapons
 m - a +2 dagger of pain (weapon)
Missiles
 g - a throwing net
Armour
 a - a +0 robe (worn)
 h - a +0 cloak (worn)
Jewellery
 j - a ring of willpower (left hand)
Wands
 l - a wand of mindburst (19)
Scrolls
 d - a scroll of identify {unknown}
 e - a scroll of teleportation {unknown}
 f - a scroll of fog {unknown}
 k - a scroll of enchant weapon {unknown}
Potions
 b - a potion of magic
 c - a potion of curing {unknown}
 i - 2 potions of heal wounds {unknown}


   Skills:
 - Level 1.7 Dodging
 - Level 1.7 Stealth
 + Level 2.9 Spellcasting
 - Level 0.8 Transmutations
 + Level 3.7 Earth Magic


You had 3 spell levels left.
You knew the following spells:

 Your Spells              Type           Power      Damage    Failure   Level
a - Sandblast             Erth           36%        2d10      3%          1
b - Stone Arrow           Conj/Erth      20%        3d8       19%         3

Your spell library contained the following spells:

 Spells                   Type           Power      Damage    Failure   Level
 Passwall                 Tmut/Erth      10%        N/A       8%          2
 Petrify                  Tmut/Erth      12%        N/A       45%         4


Dungeon Overview and Level Annotations

Branches:
Dungeon (3/15)


Innate Abilities, Weirdness & Mutations

You have an increased reservoir of magic. (+10% MP)
You shall have no god before yourself.
Your divine heritage dramatically boosts your attributes as you level up.


Message History

The spell is quite dangerous to miscast (19% risk of failure)!
Continue anyway?
Okay, then.
Unknown command.
The orc attacks as you move away! The orc completely misses you.
The orc attacks as you move away! The orc hits you with a +0 flail.
The orc attacks as you move away! The orc completely misses you.
The orc attacks as you move away! The orc barely misses you.
The orc attacks as you move away! The orc hits you with a +0 flail!
You are too injured to fight recklessly!
You are too injured to fight recklessly!
You are too injured to fight recklessly!
You hit the orc.
The orc is almost dead.
The orc completely misses you.
Unknown command.
The orc attacks as you move away! The orc hits you with a +0 flail.
You hit the orc but do no damage.
The orc is almost dead.
The orc barely misses you.
Unknown command.
You hit the orc.
You kill the orc!
Casting: Stone Arrow (quite dangerous; 19% risk of failure)
Confirm with . or Enter, or press ? or * to list all spells.
Aiming: Sandblast (safe; 3% risk of failure)
Press: ? - help, Shift-Dir - straight line The blast of sand hits something but does no damage.
Something hits you.
* * * LOW HITPOINT WARNING * * *
You are lethally poisoned!
Unknown command.
Casting: Sandblast (safe; 3% risk of failure)
Confirm with . or Enter, or press ? or * to list all spells.
Aiming: Sandblast (safe; 3% risk of failure)
Press: ? - help, Shift-Dir - straight line The blast of sand hits the orc but does no damage.
* * * LOW HITPOINT WARNING * * *
You feel very sick. Something hits you.
You die...

.....).....#
######.#####..
(.....#..######
#......#...... .....
#.>.....# #.###..#.#####
.#.#
#.#...#..###.###..#.#....
#
#o###....................
#.# ........#....#.#.###
#.# ######.#.#....#.###
#.######............#....
#.o....#@#####......#####
######o#)# #.#....#
#.#o## #......# ## #.#..#
###...## #. #.##.#
###.#####. #....#
#....##. #.#### ####....
### ###.. #..


You could see an orc.

Vanquished Creatures
  2 adders
  A worm (D:3)
  2 dart slugs (D:1)
  2 orcs (D:3)
  4 ball pythons
  6 endoplasms
  3 giant cockroaches (D:1)
  7 goblins
  2 hobgoblins
  A quokka (D:1)
  2 bats (D:1)
  2 frilled lizards
  5 kobolds
  5 rats
44 creatures vanquished.

Notes
Turn   | Place    | Note
-------+----------+-------------------------------------------
     0 | D:1      | McKennaii the Demigod Earth Elementalist began the quest
                  | for the Orb.
     0 | D:1      | Reached XP level 1. HP: 14/14 MP: 5/5
   254 | D:1      | Reached skill level 3 in Earth Magic
   281 | D:1      | Reached XP level 2. HP: 13/20 MP: 1/7
  1520 | D:2      | Reached XP level 3. HP: 26/26 MP: 6/9
  1526 | D:2      | Learned a level 3 spell: Stone Arrow
  2235 | D:3      | HP: 1/26 [poisoned by an orc wizard]
  2235 | D:3      | Slain by an orc wizard

Illustrated notes

Levels and vault maps discovered:
D:1:      lemuel_arrival_tunnels, layout_basic,
          hellmonk_ecumenical_altar_zigzags, minmay_misc_feat_tiny
D:2:      layout_basic, chequers_serial_rivers_small_3
D:3:      layout_basic, kennysheep_generic_room_15

Skill      XL: |  1 |
---------------+----+-----
Spellcasting   | 2 |  2.9
Earth Magic    | 3 |  3.7
Dodging        | |  1.7
Stealth        | |  1.7
Transmutations | |  0.8

Action                   || total
-------------------------++-------
Melee: Unarmed           ||    13
       Dagger            ||     5
 Cast: Sandblast         ||    59
Armor: Robe              ||     4
Dodge: Dodged            ||    31
